 Dungeon Crawl Stone Soup version 0.29-a0-271-gd4eb659eea (webtiles) character file.

Game seed: 16257195525451246380

368 spaghetti the Ducker (level 6, -5/48 HPs)
             Began as a Demonspawn Berserker on Mar 8, 2022.
             Was a Priest of Trog.
             Slain by a bullfrog zombie (6 damage)
             ... on level 5 of the Dungeon.
             The game lasted 00:04:50 (4792 turns).

spaghetti the Ducker (Demonspawn Berserker)         Turns: 4792, Time: 00:04:50

Health: -5/48      AC:  2    Str: 16    XL:     6   Next: 41%
Magic:  6/6        EV: 14    Int:  8    God:    Trog [***...]
Gold:   230        SH:  0    Dex: 12    Spells: 5/5 levels left

rFire   . . .      SeeInvis .   p - +1 whip (elec) {mace}
rCold   . . .      Faith    +   (no shield)
rNeg    + . .      Spirit   .   b - +0 animal skin
rPois   +          Reflect  .   (no helmet)
rElec   +          Harm     .   u - scarf {+Inv}
rCorr   .          Rampage  .   (no gloves)
Will    .....                   (no boots)
Stlth   ++........              d - amulet of faith {!P}
HPRegen 0.16/turn               m - ring "Humijil" {rElec rPois rN+ Str-4 Slay+2 Stlth+}
MPRegen 0.10/turn               (no ring)

@: on berserk cooldown, hasted and slowed
A: foul stench 2
a: Renounce Religion, Evoke Invisibility, Berserk, Trog's Hand


You were on level 5 of the Dungeon.
You worshipped Trog.
Trog was most pleased with you.
You visited 1 branch of the dungeon, and saw 5 of its levels.

You collected 230 gold pieces.


Innate Abilities, Weirdness & Mutations

You sometimes emit foul miasma when damaged in melee.


   Skills:
 - Level 4.0 Fighting
 - Level 2.7 Long Blades
 - Level 1.9 Armour
 + Level 5.7 Dodging


You had 5 spell levels left.
You didn't know any spells.
Your spell library contained the following spells:

 Spells                   Type           Power      Damage    Failure   Level
 Foxfire                  Conj/Fire      0%         2x1d4     41%         1
 Blink                    Tloc           0%         N/A       54%         2
 Ignite Poison            Fire/Tmut/Pois 0%         N/A       78%         3
 Disjunction              Tloc           0%         N/A       100%        8

Inventory:

Hand Weapons
 a - a +0 falchion {long}
 h - a +2 dagger of electrocution {short}
   (You took it off a kobold on level 1 of the Dungeon)
 p - a +1 whip of electrocution (weapon) {mace}
   (You took it off an orc priest on level 3 of the Dungeon)
Missiles
 c - 178 stones (quivered) {throwing}
 f - 4 atropa-tipped darts {throwing}
 g - 9 poisoned darts {throwing}
 q - 2 boomerangs {throwing}
Armour
 b - a +0 animal skin (worn)
 u - a scarf of invisibility (worn)
   (You found it on level 4 of the Dungeon)
Jewellery
 d - an amulet of faith (around neck) {!P}
   (You found it on level 1 of the Dungeon)
 m - the ring "Humijil" (left hand) {rElec rPois rN+ Str-4 Slay+2 Stlth+}
   (You found it on level 2 of the Dungeon)

   [ring of positive energy]

   Str:       It affects your strength (-4).
   Slay:      It affects your accuracy & damage with ranged weapons and melee
   (+2).
   rElec:     It insulates you from electricity.
   rPois:     It protects you from poison.
   rN:        It protects you from negative energy.
   Stlth:     It makes you more stealthy.
Wands
 v - a wand of flame (15)
   (You found it on level 4 of the Dungeon)
Scrolls
 e - 2 scrolls of blinking {!r}
 j - a scroll of fog
 k - a scroll of identify {@r1}
 o - 2 scrolls of vulnerability {!r!r}
 t - a scroll of fear {unknown}
Potions
 i - a potion of flight {unknown}
 r - 2 potions of ambrosia {unknown}
 s - 2 potions of heal wounds {unknown}
 w - 2 potions of degeneration {unknown}

Dungeon Overview and Level Annotations

Branches:
Dungeon (5/15)
 Temple: D:4-7

Altars:
Gozag

############
.......<@Z.#
##########.#
.. ... ...
.. .


You could see a bullfrog zombie.


Message History

The kobold hits you with a +0 short sword.
* * * LOW HITPOINT WARNING * * *
The jelly barely misses you.
You are too injured to fight recklessly!
You are too injured to fight recklessly!
You are too injured to fight recklessly! 😨 HP[-23]
You take 23 damage, and now have 22/48 hp.
MASSIVE DAMAGE!! (PAUSE)
The ogre attacks as you move away! The ogre closely misses you.
The kobold attacks as you move away! The kobold barely misses you.
The jelly attacks as you move away! The jelly closely misses you.
The ogre is engulfed in dark miasma.
The ogre is poisoned.
The kobold attacks as you move away! The kobold closely misses you.
The kobold throws a stone.
The stone closely misses you.
There is a stone staircase leading down here. 😨 HP[+1]
The jelly misses you.
You climb downwards.
The adder hisses angrily.
There is a stone staircase leading up here.
Unknown command.
Unknown command.
An adder is nearby!
You are too injured to fight recklessly!
You are too injured to fight recklessly!
A bullfrog skeleton and a bullfrog zombie come into view.
The bullfrog skeleton moves out of view.
You closely miss the adder. The adder bites you.
* * * LOW HITPOINT WARNING * * *
😨 HP[-2]
You take 2 damage, and now have 21/48 hp.
You closely miss the adder. The adder barely misses you. x2
A red film seems to cover your vision as you go berserk!
You feel yourself moving faster!
You feel mighty! The adder closely misses you. 😨 HP[+11]
You now have 72 max hp (+24).
You regained 11 hp, and now have 32/72 hp.
You closely miss the adder. The adder barely misses you. 😨 HP[+1]
You barely miss the adder. The adder barely misses you.
You miss the adder. The adder misses you.
You closely miss the adder. Your punch misses the adder. The adder bites you.
* * * LOW HITPOINT WARNING * * *
😨 HP[-1]
You take 1 damage, and now have 32/72 hp.
You hit the adder. Lightning courses through the adder!
You kill the adder!
Trog accepts your kill.
You hit the bullfrog skeleton.
The bullfrog skeleton closely misses you.
You whack the bullfrog skeleton!
The bullfrog skeleton closely misses you. 😨 HP[+1]
You whack the bullfrog skeleton! The bullfrog skeleton hits you.
* * * LOW HITPOINT WARNING * * *
😨 HP[-2]
You take 2 damage, and now have 31/72 hp.
You barely miss the bullfrog skeleton.
The bullfrog skeleton closely misses you.
You barely miss the bullfrog skeleton.
The bullfrog skeleton completely misses you.
You hit the bullfrog skeleton.
Lightning courses through the bullfrog skeleton!!
You destroy the bullfrog skeleton!
Trog accepts your kill.
You barely miss the bullfrog zombie. The bullfrog zombie closely misses you.
You whack the bullfrog zombie!
The bullfrog zombie hits you but does no damage.
You hit the bullfrog zombie. The bullfrog zombie barely misses you.
You whack the bullfrog zombie!
You are no longer berserk.
You are exhausted.
You feel yourself slow down.
The bullfrog zombie misses you. 😨 HP[-10]
You now have 48 max hp (-24).
You barely miss the bullfrog zombie. The bullfrog zombie hits you.
* * * LOW HITPOINT WARNING * * *
The bullfrog zombie misses you. 😨 HP[-4]
You take 4 damage, and now have 17/48 hp.
You hit the bullfrog zombie. The bullfrog zombie hits you.
* * * LOW HITPOINT WARNING * * *
The bullfrog zombie hits you.
* * * LOW HITPOINT WARNING * * *
You emit a cloud of foul miasma!
The bullfrog zombie hits you.
* * * LOW HITPOINT WARNING * * *
😱 HP[-12]
You take 12 damage, and now have 5/48 hp.
MASSIVE DAMAGE!! (PAUSE) It was a potion of curing.
You feel better. The bullfrog zombie hits you.
* * * LOW HITPOINT WARNING * * *
The bullfrog zombie hits you.
* * * LOW HITPOINT WARNING * * *
😱 HP[-4]
You take 4 damage, and now have 1/48 hp.
It was a potion of haste.
You feel yourself speed up. The bullfrog zombie hits you.
You die...

Skill      XL: |  1  2  3  4  5 |
---------------+----------------+-----
Fighting       | 4 |  4.0
Dodging        | 2 3 4 5 |  5.7
Long Blades    | |  2.7
Armour         | |  1.9

Action                   |  1- 3 |  4- 6 || total
-------------------------+-------+-------++-------
Melee: Falchion          |    20 |       ||    20
       Dagger            |    69 |     3 ||    72
       Whip              |       |   121 ||   121
Throw: Stone             |       |     7 ||     7
Invok: Berserk           |     5 |     2 ||     7
  Use: Scroll            |     4 |     2 ||     6
       Potion            |       |     2 ||     2
 Stab: Sleeping          |     5 |     5 ||    10
Armor: Animal skin       |    14 |    14 ||    28
Dodge: Dodged            |    40 |   102 ||   142

Levels and vault maps discovered:
D:1:      dpeg_arrival_signposts, layout_loops_corners
D:2:      minmay_chambers_of_ones, layout_basic,
          shapermc_ecumenical_altar_mp_urbaneastern, basic_altar,
          hangedman_decor_lopped
D:3:      layout_basic, cheibrodos_sewer_entry_drain, uniq_natasha
D:4:      layout_rooms
D:5:      layout_loops_ring, minmay_temple_entry_butterflies, serial_undead,
          serial_undead_d, serial_undead_d, serial_undead_d, serial_undead_c,
          kennysheep_small_square, uniq_pikel, uniq_duvessa

Notes
Turn   | Place    | Note
-------+----------+-------------------------------------------
     0 | D:1      | spaghetti the Demonspawn Berserker began the quest for the
                  | Orb.
     0 | D:1      | Reached XP level 1. HP: 18/18 MP: 1/1
     0 | D:1      | magus.rc [v1.9.6]
   886 | D:1      | Gained mutation: You may rarely emit foul miasma when
                  | damaged in melee. [demonic ancestry]
   886 | D:1      | Reached XP level 2. HP: 23/24 MP: 2/2
  1331 | D:2      | Found an opulent altar of Gozag.
  1346 | D:2      | HP: 2/25 [hobgoblin (5)]
  1658 | D:2      | Identified the ring "Humijil" {rElec rPois rN+ Str-4 Slay+2
                  | Stlth+}
  2014 | D:2      | Reached skill level 4 in Fighting
  2397 | D:2      | Reached skill level 2 in Dodging
  2397 | D:2      | Reached XP level 3. HP: 26/30 MP: 3/3
  2617 | D:2      | Reached ** piety under Trog
  2623 | D:2      | Found a faded altar of an unknown god.
  2806 | D:3      | Reached skill level 3 in Dodging
  2806 | D:3      | Reached XP level 4. HP: 30/37 MP: 4/4
  2821 | D:3      | You add the spells Foxfire, Blink, Ignite Poison and
                  | Disjunction to your library.
  2821 | D:3      | Got the Handbook of Heat and Translocation {forbidden}
  3211 | D:3      | Noticed Natasha
  3218 | D:3      | Killed Natasha
  3219 | D:3      | Reached skill level 4 in Dodging
  3219 | D:3      | Gained mutation: You sometimes emit foul miasma when
                  | damaged in melee. [demonic ancestry]
  3219 | D:3      | Reached XP level 5. HP: 31/42 MP: 5/5
  3277 | D:3      | Noticed Natasha
  3288 | D:3      | Killed Natasha
  3374 | D:3      | Noticed Natasha
  3381 | D:3      | Killed Natasha
  3648 | D:3      | Reached *** piety under Trog
  4019 | D:4      | Reached skill level 5 in Dodging
  4107 | D:4      | Reached XP level 6. HP: 28/48 MP: 6/6
  4769 | D:5      | Entered Level 5 of the Dungeon
  4790 | D:5      | HP: 9/48 [bullfrog zombie (4)]
  4791 | D:5      | HP: 1/48 [bullfrog zombie (6)]
  4792 | D:5      | Slain by a bullfrog zombie

Vanquished Creatures
  3 orc priests
  A bullfrog skeleton (D:5)
  Natasha (thrice) (D:3)
  An iguana (D:4)
  An orc wizard (D:4)
  4 adders
  A worm (D:2)
  2 dart slugs
  9 orcs
  4 endoplasms
  2 giant cockroaches
  5 goblins
  5 hobgoblins
  2 jackals (D:4)
  6 quokkas
  9 ball pythons
  6 bats
  2 frilled lizards
  7 kobolds
  8 rats
81 creatures vanquished.

Vanquished Creatures (others)
  A fungus (D:2)
1 creature vanquished.

Grand Total: 82 creatures vanquished

Table legend:
 A = Non-vault XP
 B = Vault XP
 C = Vault XP percentage of total XP
 D = Non-vault monster count
 E = Vault monster count
 F = Vault count percentage of total count
                 A         B        C        D         E       F
            +---------+---------+-------+---------+---------+-------
      Total |     430 |      97 |  18.4 |      72 |       9 |  11.1
            +---------+---------+-------+---------+---------+-------
        D:1 |      15 |       0 |   0.0 |      11 |       0 |   0.0
        D:2 |      31 |      19 |  38.0 |      15 |       5 |  25.0
        D:3 |     207 |      39 |  15.9 |      26 |       3 |  10.3
        D:4 |     164 |       0 |   0.0 |      19 |       0 |   0.0
        D:5 |      13 |      39 |  75.0 |       1 |       1 |  50.0
            +---------+---------+-------+---------+---------+-------

Illustrated notes

Table legend:
 A = Kills in this place as a percentage of kills in entire the game.
 B = Kills by you in this place as a percentage of kills by you in the entire game.
 C = Kills by friends in this place as a percentage of kills by friends in the entire game.
 D = Other kills in this place as a percentage of other kills in the entire game.
 E = Experience gained in this place as a percentage of experience gained in the entire game.
 F = Experience gained in this place divided by the number of levels of this place that you have seen.
                   A       B       C       D       E      F
               +-------+-------+-------+-------+-------+----------------------
         Total | 100.0 | 100.0 |   N/A |   N/A | 100.0 | 105.4
       Dungeon | 100.0 | 100.0 |   N/A |   N/A | 100.0 | 105.4
               +-------+-------+-------+-------+-------+----------------------

Table legend: (Time is in decaauts)
 A = Elapsed time spent in this place.
 B = Non-inter-level travel time spent in this place.
 C = Inter-level travel time spent in this place.
 D = Time resting spent in this place.
 E = Time spent auto-exploring this place.
 F = Levels seen in this place.
 G = Mean time per level.
                   A        B        C        D        E       F      G
               +--------+--------+--------+--------+--------+-----+--------+
         Total |   4861 |   4778 |     83 |    933 |   3242 |   5 |  972.2 |
       Dungeon |   4861 |   4778 |     83 |    933 |   3242 |   5 |  972.2 |
               +--------+--------+--------+--------+--------+-----+--------+

Top non-repeatable levels by time:
     D:2: 1499 daAuts
     D:1: 1337 daAuts
     D:3: 1048 daAuts
     D:4: 954 daAuts
     D:5: 20 daAuts
